 Dungeon Crawl Stone Soup version 0.27.1-34-g3ba077fa99 (console) character file.

Game seed: 11369187111356503197

5417 Banquo the Cleaver (level 10, 0/74 HPs)
             Began as a Formicid Fighter on Feb 17, 2022.
             Was an Elder of Uskayaw.
             Slain by a komodo dragon (23 damage)
             ... on level 1 of the Lair of Beasts.
             The game lasted 00:47:14 (13629 turns).

Banquo the Cleaver (Formicid Fighter)              Turns: 13629, Time: 00:47:14

Health: 0/74       AC: 15    Str: 25    XL:     10   Next: 99%
Magic:  14/14      EV:  6    Int:  7    God:    Uskayaw [****..]
Gold:   441        SH: 11    Dex: 10    Spells: 9/9 levels left

rFire    + . .     SeeInvis +   a - +2 battleaxe (venom)
rCold    . . .     Faith    .   i - +1 kite shield
rNeg     . . .     Spirit   .   d - +0 plate armour
rPois    .         Reflect  .   (helmet unavailable)
rElec    .         Harm     .   (no cloak)
rCorr    .         Rampage  .   (no gloves)
Will     +....                  f - +0 pair of boots
Stlth    ..........             (no amulet)
HPRegen  0.22/turn              F - ring of protection from fire
MPRegen  0.14/turn              (no ring)

@: no status effects
A: permanent stasis, dig shafts and tunnels, antennae 3, four strong arms
a: Dig, Shaft Self, Renounce Religion, Stomp, Line Pass


You were on level 1 of the Lair of Beasts.
You worshipped Uskayaw.
Uskayaw was noncommittal.
You visited 3 branches of the dungeon, and saw 11 of its levels.

You collected 441 gold pieces.

Inventory:

Hand Weapons
 a - a +2 battleaxe of venom (weapon)
 b - a +1 whip of flaming
 y - a +1 war axe
 B - a +3 spear
 D - a +1 vorpal dire flail
Missiles
 h - 13 poisoned darts
 o - 2 datura-tipped darts
 s - 2 throwing nets
 u - 3 boomerangs
 w - 8 javelins
 C - 2 curare-tipped darts
Armour
 d - a +0 plate armour (worn)
 f - a +0 pair of boots (worn)
 i - a +1 kite shield (worn)
 v - the +0 ring mail "Kerhoimaj" {rC+ Dex+5}
   (You took it off an orc priest on level 8 of the Dungeon)

   Dex:       It affects your dexterity (+5).
   rC:        It protects you from cold.
Jewellery
 F - a ring of protection from fire (left hand)
Wands
 j - a wand of iceblast (29)
 x - a wand of flame (18)
Scrolls
 m - 2 scrolls of fear
 z - a scroll of identify
Potions
 c - a potion of might
 k - a potion of ambrosia
 n - 4 potions of curing
 q - a potion of flight
 r - 3 potions of cancellation


   Skills:
 + Level 5.4 Fighting
 * Level 11.2 Axes
 * Level 9.2 Armour
 + Level 0.6 Dodging
 + Level 6.0 Shields
 * Level 5.5 Invocations


You had 9 spell levels left.
You didn't know any spells.
Your spell library contained the following spells:

 Spells                   Type           Power      Damage    Failure   Level
 Sting                    Tmut/Pois      0%         1d3       100%        1
 Summon Small Mammal      Summ           0%         N/A       100%        1
 Poisonous Vapours        Pois/Air       0%         N/A       100%        2
 Sublimation of Blood     Necr           0%         N/A       100%        2
 Call Canine Familiar     Summ           0%         N/A       100%        3
 Summon Guardian Golem    Hex/Summ       0%         N/A       100%        3
 Olgreb's Toxic Radiance  Pois           0%         N/A       100%        4
 Petrify                  Tmut/Erth      0%         N/A       100%        4
 Irradiate                Conj/Tmut      0%         3d13      100%        5


Dungeon Overview and Level Annotations

Branches:
Dungeon (9/15)             Temple (1/1) D:5            Lair (1/6) D:8
    Orc: D:9-12

Altars:
Ashenzari
Cheibriados
Dithmenos
Elyvilon
Fedhas
Gozag
Hepliaklqana
Kikubaaqudgha
Makhleb
Nemelex Xobeh
Okawaru
Qazlal
Ru
Sif Muna
Trog
Uskayaw
Vehumet
Wu Jian
Xom
Yredelemnul
Zin
The Shining One

Shops:
D:1 [

Annotations:
D:7 8-Hydra
Lair:1 Urug


Innate Abilities, Weirdness & Mutations

You cannot be hasted, slowed, berserked, paralysed or teleported.
You can dig through walls and to a lower floor.
You have a pair of large antennae on your head. (SInv)
Your four strong arms can wield two-handed weapons with a shield.


Message History

You kill the bullfrog!
You barely miss the yak. The yak gores you but does no damage.
You slash the yak!
The yak is heavily wounded.
The yak gores you but does no damage.
Your plate armour prevents you from hitting the yak.
The yak is heavily wounded.
The yak gores you. The yak barely misses you.
You slash the yak!
The yak is poisoned.
The yak is almost dead.
You block the yak's attack.
Uskayaw will force your foes to helplessly watch your dance.
Uskayaw prepares the audience for your solo!
The helpless yak fails to defend itself.
You slice the yak!!
You kill the yak!
The yak is no longer paralysed. x2
You slice the yak!!
The yak looks as sick as possible!
The yak is heavily wounded.
The yak is no longer paralysed.
The komodo dragon is no longer paralysed.
The yak gores you but does no damage. You block the yak's attack.
Uskayaw will force your foes to share their pain.
Uskayaw links your audience in an emotional bond!
You barely miss the yak.
The yak is severely wounded.
You block the yak's attack.
You slice the yak!!
You kill the yak!
Your Shields skill increases to level 6!
You slash the komodo dragon!
The komodo dragon is moderately wounded.
The yak is no longer sharing its pain.
The komodo dragon bites you!!
* * * LOW HITPOINT WARNING * * *
The komodo dragon hisses menacingly.
You block the komodo dragon's attack.
Your shield and plate armour prevent you from hitting the komodo dragon.
The komodo dragon is moderately wounded.
The komodo dragon bites you!!
You die...

..... ..+#.# #...#
F#...## #...
......# #..
####.#...#
#{###.Y.##...#
#..#..≈≈Y....#
#....≈≈≈≈YY..#
##..≈o≈≈≈≈...# ###
#...≈≈≈≈≈≈Y..###@#
.....≈≈≈≈≈≈.{##l##
....<.≈≈≈≈≈..#Y##
.....≈≈≈≈≈≈.YY##
.....≈≈≈≈≈≈..##
......≈≈≈≈...#
......≈.≈....#
..>..........#
.............#


You could see a komodo dragon (pain bonded) and 3 yaks.

Vanquished Creatures
  Pikel (D:4)
  2 trolls
  A wraith (D:8)
  Sigmund (D:6)
  3 wyverns
  2 yaks (Lair:1)
  3 wargs (D:8)
  Edmund (D:6)
  A water moccasin (D:7)
  Duvessa (D:4)
  A sky beast (D:5)
  2 black bears
  A hornet zombie (D:5)
  2 orc warriors
  An ice beast (D:7)
  A necrophage (D:5)
  An ogre (D:6)
  3 centaurs
  Blork the orc (D:4)
  4 bullfrogs
  2 scorpions
  Dowan (D:4)
  2 wyvern skeletons
  A killer bee (D:9)
  3 wights (D:8)
  A howler monkey (D:8)
  A bullfrog zombie (D:6)
  2 centaur zombies
  A bullfrog skeleton (D:5)
  2 gnoll shamans
  3 hounds
  4 orc priests
  An iguana (D:7)
  9 orc wizards
  A hound skeleton (D:5)
  Robin (D:2)
  11 adders
  9 gnolls
  A howler monkey skeleton (D:6)
  A shadow imp (D:3)
  2 worms
  A dart slug (D:3)
  27 orcs
  5 endoplasms
  5 giant cockroaches
  18 goblins
  6 hobgoblins
  2 jackals (D:4)
  6 quokkas
  7 ball pythons
  4 bats
  4 frilled lizards
  10 kobolds
  4 rats
191 creatures vanquished.

Vanquished Creatures (others)
  5 plants
5 creatures vanquished.

Grand Total: 196 creatures vanquished

Notes
Turn   | Place    | Note
-------+----------+-------------------------------------------
     0 | D:1      | Banquo the Formicid Fighter began the quest for the Orb.
     0 | D:1      | Reached XP level 1. HP: 18/18 MP: 1/1
   146 | D:1      | Found Qupnaw's Armour Emporium.
   182 | D:1      | Reached XP level 2. HP: 20/24 MP: 2/2
   393 | D:1      | Found a faded altar of an unknown god.
   401 | D:1      | Became a worshipper of Uskayaw the Reveller
   401 | D:1      | Reached * piety under Uskayaw
   678 | D:1      | Reached skill level 3 in Axes
  1076 | D:2      | Reached XP level 3. HP: 29/29 MP: 3/3
  1159 | D:2      | Reached ** piety under Uskayaw
  1361 | D:2      | Reached skill level 4 in Axes
  1361 | D:2      | Reached XP level 4. HP: 35/35 MP: 4/4
  1392 | D:2      | Noticed Robin
  1753 | D:2      | Found a radiant altar of Vehumet.
  2122 | D:2      | Killed Robin
  2123 | D:2      | Reached XP level 5. HP: 35/41 MP: 5/5
  2430 | D:2      | Found a radiant altar of Vehumet.
  3125 | D:3      | Reached skill level 5 in Axes
  3827 | D:3      | Reached XP level 6. HP: 47/47 MP: 6/6
  3917 | D:4      | You fall into a shaft and drop 1 floor!
  3917 | D:5      | Entered Level 5 of the Dungeon
  3935 | D:5      | Noticed a sky beast
  3951 | D:5      | Reached *** piety under Uskayaw
  3952 | D:5      | Killed a sky beast
  3953 | D:5      | Reached skill level 6 in Axes
  4024 | D:5      | Reached XP level 7. HP: 5/52 MP: 2/7
  4413 | D:4      | Noticed Dowan
  4433 | D:4      | Killed Dowan
  4622 | D:4      | Noticed Duvessa
  4712 | D:4      | Noticed Blork the orc
  4724 | D:4      | Killed Blork the orc
  4725 | D:4      | Reached skill level 7 in Axes
  4725 | D:4      | Reached skill level 5 in Armour
  4725 | D:4      | Reached skill level 1 in Invocations
  4829 | D:4      | Reached XP level 8. HP: 44/58 MP: 8/8
  4909 | D:4      | Noticed Pikel
  4926 | D:4      | Killed Pikel
  4927 | D:4      | Reached skill level 8 in Axes
  5165 | D:4      | Killed Duvessa
  5694 | D:5      | Found a staircase to the Ecumenical Temple.
  5703 | Temple   | Entered the Ecumenical Temple
  6713 | D:5      | Reached XP level 9. HP: 52/57 MP: 10/10
  6716 | D:5      | Reached **** piety under Uskayaw
  7307 | D:6      | Noticed Sigmund
  7323 | D:6      | Killed Sigmund
  7324 | D:6      | Reached skill level 9 in Axes
  7871 | D:6      | You fall into a shaft and drop 3 floors!
  8244 | D:9      | Reached skill level 5 in Shields
  8507 | D:9      | Noticed a troll
  8533 | D:9      | HP: 1/65 [troll (9)]
  8539 | D:9      | Killed a troll
  9522 | D:8      | Reached XP level 10. HP: 73/73 MP: 13/13
  9640 | D:8      | Identified a scroll of acquirement
  9640 | D:8      | Acquired a +2 battleaxe of venom
  9914 | D:8      | Reached skill level 10 in Axes
 10406 | D:8      | Identified the +0 ring mail "Kerhoimaj" {rC+ Dex+5}
 10459 | D:8      | Reached skill level 5 in Fighting
 10459 | D:8      | Reached skill level 5 in Invocations
 10526 | D:8      | Found a stormy altar of Qazlal.
 11370 | D:6      | Noticed Edmund
 11381 | D:6      | Killed Edmund
 11525 | D:6      | Reached skill level 11 in Axes
 12283 | D:7      | Noticed an eight-headed hydra
 13388 | D:8      | Found a staircase to the Lair.
 13594 | Lair:1   | Entered Level 1 of the Lair of Beasts
 13595 | Lair:1   | Noticed a komodo dragon
 13599 | Lair:1   | Noticed Urug
 13629 | Lair:1   | Slain by a komodo dragon

Illustrated notes

Levels and vault maps discovered:
D:1:      nzn_arrival_settlement, layout_basic, serial_shops, shop,
          hellmonk_ecumenical_altar_zigzags
D:2:      layout_basic, basic_altar, minmay_misc_feat_secret_circle,
          grunt_decor_junction, minmay_pentomino_v4, uniq_robin
D:3:      layout_rooms
D:4:      layout_basic, uniq_duvessa, uniq_blork_the_orc, uniq_pikel
D:5:      layout_loops_ring, minmay_temple_entry_grid, minivault_27,
          minmay_misc_feat_enclosed, kennysheep_generic_room_2
D:6:      layout_loops_ring, kennysheep_generic_room_9, uniq_sigmund,
          uniq_edmund
D:7:      layout_basic
D:8:      layout_basic, mainiacjoe_overflow_catwalk, erik_lair_orcish_takeover
D:9:      layout_basic, serial_shops, nicolae_shop_behind_doors,
          kennysheep_generic_room_8
Temple:   minmay_crystal_snake_temple
Lair:1:   layout_long_grid, enter_volcano_2, ebering_ghost_inner_flame,
          infiniplex_staircase_pool, grunt_megastairs_3, uniq_urug, uniq_erica

Skill      XL: |  1  2  3  4  5  6  7  8  9 10 |
---------------+-------------------------------+-----
Axes           | 3 4 5 6 7 8 9 11 | 11.2
Armour         | 4 5 6 8 9 |  9.2
Invocations    | 1 2 4 5 |  5.5
Shields        | 4 5 6 |  6.0
Fighting       | 4 5 |  5.4
Dodging        | |  0.6

Action                   |  1- 3 |  4- 6 |  7- 9 | 10-12 || total
-------------------------+-------+-------+-------+-------++-------
Melee: War axe           |    77 |   220 |   318 |    32 ||   647
       Battleaxe         |       |       |       |   170 ||   170
Invok: Line Pass         |       |     1 |     2 |       ||     3
       Stomp             |       |       |     3 |       ||     3
 Abil: Dig               |       |    10 |    27 |    16 ||    53
       Shaft Self        |       |       |     1 |       ||     1
  Use: Scroll            |       |     6 |     7 |     3 ||    16
       Potion            |       |       |     1 |       ||     1
 Stab: Paralysed         |       |     1 |     4 |     4 ||     9
Armor: Scale mail        |    32 |       |       |       ||    32
       Plate armour      |     3 |   116 |   129 |    87 ||   335
Dodge: Dodged            |    27 |    40 |    63 |    45 ||   175
Block: Kite shield       |    34 |   118 |   169 |   115 ||   436
